AoeStats
← Gim

Arena

507729702Analyzed
4v4 RM · 12d ago on Sep 19, 2026· 34m 55s· 8 players
Game mode
Random Map
Map size
Large (8 player)
Population
200
Speed
Normal
Resources
Standard
Victory
Conquest
Starting age
Dark Age
Ending age
Imperial Age
RankedLock teamsTeams togetherTeam positionsShared explorationLock speedFull tech treeHidden civsTurbo modeCheats
Victory
Defeat
🇩🇴 Portuguese · Dominican Republic
1361
+14
🇫🇷 Romans · France
1343
+15
🇦🇹 Italians · Austria
1336
+15
🇨🇳 Mongols · China
1309
+16
🇹🇼 Bohemians · Taiwan
1319
-15
🇹🇼 Khmer · Taiwan
1319
-15
🇹🇼 Huns · Taiwan
1319
-15
🇹🇼 Italians · Taiwan
1316
-15
ZiGZAG
8:59 Feudal Age
7:44 Loom
11:10 Double-Bit Axe
14:27 Fletching
15:03 Horse Collar
20:19 Castle Age
19:33 Padded Archer Armor
19:58 Town Watch
20:49 Wheelbarrow
22:08 Gold Mining
23:13 Bodkin Arrow
23:23 Stone Mining
32:35 Imperial Age
31:11 Leather Archer Armor
32:46 Forging
34:16 Chemistry
33:40 Ballistics
33:36 Bow Saw
33:44 Bracer
34:14 Ring Archer Armor
Nicolukas
3:01 Loom
10:06 Feudal Age
14:24 Castle Age
13:43 Double-Bit Axe
14:06 Loom
17:18 Horse Collar
19:43 Sanctity
21:20 Fletching
22:35 Redemption
23:26 Bodkin Arrow
31:17 Imperial Age
29:20 Stone Mining
29:22 Gold Mining
30:33 Stone Shaft Mining
30:35 Ballistics
31:35 Masonry
33:02 Chemistry
32:26 Conscription
jawsy_
8:30 Loom
10:53 Feudal Age
15:58 Castle Age
13:47 Double-Bit Axe
13:51 Horse Collar
17:18 Bow Saw
17:10 Heavy Plow
18:30 Wheelbarrow
24:07 Gold Mining
28:33 Imperial Age
26:11 Stone Mining
26:57 Gold Shaft Mining
27:14 Hand Cart
27:05 Scale Mail Armor
27:15 Forging
28:06 Ballistics
28:05 Chain Mail Armor
29:45 Iron Casting
28:32 Pikeman
29:13 Squires
28:37 Man-at-Arms
28:51 Heavy Scorpion
29:32 Halberdier
33:10 Blast Furnace
33:29 Conscription
34:29 Long Swordsman
Gim
9:52 Feudal Age
14:44 Castle Age
12:58 Double-Bit Axe
16:21 Horse Collar
22:06 Wheelbarrow
21:49 Loom
24:09 Heavy Plow
30:36 Imperial Age
28:33 Ballistics
28:35 Bow Saw
28:46 Fletching
29:15 Bodkin Arrow
29:52 Padded Archer Armor
30:06 Fortified Wall
30:59 Hand Cart
31:01 Leather Archer Armor
32:10 Conscription
32:26 Elite Mangudai
33:19 Elite Mangudai
8468547
10:25 Feudal Age
10:18 Loom
11:03 Double-Bit Axe
11:19 Double-Bit Axe
13:39 Castle Age
11:44 Double-Bit Axe
11:53 Horse Collar
14:44 Bow Saw
18:58 Wheelbarrow
18:48 Town Watch
22:54 Hand Cart
23:12 Gold Mining
24:34 Gold Shaft Mining
32:45 Imperial Age
30:20 Husbandry
30:30 Bloodlines
30:46 Heavy Plow
33:52 Heavy Scorpion
34:42 Scale Barding Armor
34:48 Forging
34:07 Capped Ram
ocek
11:19 Feudal Age
14:53 Castle Age
12:49 Double-Bit Axe
12:55 Horse Collar
15:54 Bow Saw
15:44 Heavy Plow
17:52 Fervor
23:27 Wheelbarrow
24:51 Hand Cart
28:08 Imperial Age
25:35 Loom
27:09 Chemistry
26:30 Fletching
26:41 Padded Archer Armor
27:06 Ballistics
26:29 Crossbowman
28:03 Squires
28:27 Bodkin Arrow
28:23 Arbalester
29:34 Bracer
29:50 Leather Archer Armor
32:05 Ring Archer Armor
31:42 Siege Engineers
31:30 Pikeman
34:47 Town Watch
Lowawrd
10:33 Feudal Age
14:28 Castle Age
12:49 Double-Bit Axe
12:44 Horse Collar
18:27 Bow Saw
23:45 Fletching
24:27 Bodkin Arrow
27:10 Padded Archer Armor
27:52 Gold Mining
30:35 Imperial Age
29:06 Padded Archer Armor
29:51 Heavy Plow
29:50 Loom
29:50 Town Watch
30:46 Wheelbarrow
30:44 Town Watch
31:50 Conscription
34:04 Bracer
35:06 Chemistry
鯊魚森氣氣
10:09 Feudal Age
13:38 Castle Age
11:41 Double-Bit Axe
12:06 Horse Collar
14:32 Bow Saw
20:31 Heavy Plow
21:50 Wheelbarrow
21:23 Loom
21:35 Gold Mining
24:36 Hand Cart
25:00 Gold Shaft Mining
25:09 Scale Barding Armor
25:22 Forging
27:53 Imperial Age
25:22 Town Watch
25:44 Stone Mining
26:31 Chain Barding Armor
27:23 Iron Casting
26:50 Husbandry
27:00 Bloodlines
28:05 Cavalier
28:21 Capped Ram
29:56 Plate Barding Armor
29:47 Siege Ram
32:53 Blast Furnace
32:33 Paladin
33:57 Conscription
Connection lost

Rejoining the realm…

Still unreachable

The connection could not be restored.

Session expired

The server has moved on; the page needs a fresh start.